 Dungeon Crawl Stone Soup version 0.29-a0-303-ge4682ce883 (webtiles) character file.

Game seed: 9929365320157724853

646 jmlagarto the Ruffian (level 7, -2/68 HPs)
             Began as a Troll Fighter on Mar 25, 2022.
             Was a Believer of Nemelex Xobeh.
             Slain by an orc
             ... wielding a +0 flail
              (7 damage)
             ... on level 4 of the Dungeon.
             The game lasted 00:08:27 (4254 turns).

jmlagarto the Ruffian (Troll Fighter)               Turns: 4254, Time: 00:08:28

Health: -2/68      AC:  4    Str: 27    XL:     7   Next: 27%
Magic:  6/6        EV:  9    Int:  4    God:    Nemelex Xobeh [**....]
Gold:   178        SH:  7    Dex:  9    Spells: 6/6 levels left

rFire   . . .      SeeInvis .     - Unarmed
rCold   . . .      Faith    .   b - +0 kite shield
rNeg    . . .      Spirit   .   a - +0 robe
rPois   .          Reflect  .   (helmet restricted)
rElec   .          Harm     .   (no cloak)
rCorr   .          Rampage  .   (gloves unavailable)
Will    .....                   (boots unavailable)
Stlth   +.........              (no amulet)
HPRegen 1.01/turn               d - ring of flight
MPRegen 0.10/turn               (no ring)

@: mighty, flying
A: large, unfitting armour, claws 3, regeneration 1, shaggy fur 1, tough skin 1
a: Renounce Religion, Draw Escape, Draw Destruction, Draw Summoning


You were on level 4 of the Dungeon.
You worshipped Nemelex Xobeh.
Nemelex Xobeh was pleased with you.
You visited 1 branch of the dungeon, and saw 5 of its levels.
You also visited: Sewer.

You collected 178 gold pieces.

Inventory:

Hand Weapons
 u - a +1 hunting sling of freezing
Missiles
 s - 5 silver javelins (quivered)
Armour
 a - a +0 robe (worn)
 b - a +0 kite shield (worn)
Jewellery
 d - a ring of flight (left claw)
 o - a ring of wizardry
 t - a ring of magical power
Wands
 k - a wand of paralysis (9)
Scrolls
 e - 2 scrolls of enchant armour
 f - 3 scrolls of vulnerability
 g - 3 scrolls of teleportation
 j - a scroll of magic mapping {unknown}
 n - 4 scrolls of amnesia
 p - 2 scrolls of fear {unknown}
 w - a scroll of summoning {unknown}
 x - a scroll of identify
 y - 2 scrolls of blinking {unknown}
Potions
 h - 2 potions of heal wounds
 i - 2 potions of mutation {unknown}
 l - 3 potions of brilliance {unknown}
 m - 3 potions of attraction {unknown}
 q - a potion of degeneration {unknown}
 r - a potion of ambrosia {unknown}
 v - a potion of lignification {unknown}
 z - a potion of curing


   Skills:
 + Level 3.9 Fighting
 + Level 3.9 Dodging
 + Level 3.9 Shields
 + Level 4.1 Unarmed Combat
 + Level 1.7 Evocations


You had 6 spell levels left.
You didn't know any spells.
Your spell library contained the following spells:

 Spells                   Type           Power      Damage    Failure   Level
 Animate Skeleton         Necr           0%         N/A       78%         1
 Pain                     Necr           0%         1d4       78%         1
 Blink                    Tloc           0%         N/A       89%         2
 Corpse Rot               Necr/Air       0%         N/A       89%         2
 Ensorcelled Hibernation  Hex/Ice        0%         N/A       89%         2
 Passwall                 Tmut/Erth      0%         N/A       89%         2
 Swiftness                Air            0%         N/A       98%         3
 Vampiric Draining        Necr           0%         2d6       98%         3
 Dispel Undead            Necr           0%         3d6       100%        4
 Manifold Assault         Tloc           0%         N/A       100%        5
 Death Channel            Necr           0%         N/A       100%        6
 Storm Form               Tmut/Air       0%         N/A       100%        7


Dungeon Overview and Level Annotations

Branches:
Dungeon (5/15)             Temple (0/1) D:4           Sewer (visited)

Altars:
Nemelex Xobeh


Innate Abilities, Weirdness & Mutations

You are too large for most types of armour.
You have claws for hands.
Your natural rate of healing is unusually fast.
You are covered in fur. (AC +1)
You have tough skin. (AC +1)


Message History

The iguana is poisoned.
The orc barely misses you.
You scratch the iguana but do no damage.
The iguana is lightly wounded.
The gnoll hits you from afar with a +0 halberd.
The gnoll shaman hits your -1 quarterstaff of venom with a +0 whip.
The iguana bites you! You block the gnoll's attack. The orc closely misses you.
Your -1 quarterstaff of venom hits the gnoll shaman.
The gnoll shaman is poisoned.
You closely miss the iguana.
The iguana is lightly wounded.
The iguana bites you! The gnoll hits you with a +0 whip.
The gnoll hits you from afar with a +0 halberd.
* * * LOW HITPOINT WARNING * * *
The gnoll shaman hits your -1 quarterstaff of venom with a +0 whip.
Your -1 quarterstaff of venom is destroyed!
Your -1 quarterstaff of venom disappears in a puff of smoke!
You block the orc's attack.
The iguana bites you but does no damage.
You block the gnoll's attack. x2; The orc hits you with a +0 flail.
* * * LOW HITPOINT WARNING * * *
You fly upwards.
There is a stone staircase leading down here.
Okay, then.
You feel very mighty all of a sudden. The gnoll hits you with a +0 whip!
* * * LOW HITPOINT WARNING * * *
You block the iguana's attack. The orc hits you but does no damage.
You mangle the iguana!!
You kill the iguana!
The gnoll hits you with a +0 whip.
* * * LOW HITPOINT WARNING * * *
The orc hits you with a +0 flail.
* * * LOW HITPOINT WARNING * * *
You scratch the gnoll.
The gnoll is moderately wounded.
The gnoll hits you with a +0 whip.
* * * LOW HITPOINT WARNING * * *
The orc hits you with a +0 flail!
You die...
Your body disappears without a glow.

..###'###[.#....#
..#.....#..#....#
.##.⌠.⌠.####'##########
#.'..>..'.##...##.....#
..#.⌠.⌠.#.'...........#
..#.....#.#...........#
#####'#####..####.##..#
.##...#+###..####.###'#
...............g@†....#
................o.....#
......................#
...###...######.......#
...###'####..##.......#
.....................)#
......................#
.........##..##.......#
#####....##..##.......#


You could see a gnoll and an orc.

Vanquished Creatures
  A jelly (D:4)
  2 hounds (D:4)
  An orc priest (D:4)
  2 iguanas (D:4)
  Natasha (thrice) (D:2)
  3 orc wizards (D:4)
  A hell rat (Sewer)
  Robin (D:3)
  7 gnolls (D:2)
  3 river rats (Sewer)
  6 adders
  3 dart slugs
  A worm (D:4)
  4 orcs (D:4)
  2 ball pythons
  6 bats
  9 endoplasms
  6 giant cockroaches
  10 goblins
  14 hobgoblins
  5 jackals (D:2)
  6 kobolds
  6 quokkas
  4 frilled lizards
  13 rats
119 creatures vanquished.

Vanquished Creatures (collateral kills)
  7 orcs (D:4)
  2 hobgoblins (D:3)
  4 goblins (D:3)
  A kobold (D:4)
14 creatures vanquished.

Vanquished Creatures (others)
  An orc wizard (D:4)
1 creature vanquished.

Grand Total: 134 creatures vanquished

Notes
Turn   | Place    | Note
-------+----------+-------------------------------------------
     0 | D:1      | jmlagarto the Troll Fighter began the quest for the Orb.
     0 | D:1      | Reached XP level 1. HP: 22/22 MP: 0/0
   106 | D:1      | Reached XP level 2. HP: 29/29 MP: 1/1
   641 | D:1      | Reached XP level 3. HP: 35/36 MP: 2/2
   943 | D:2      | Noticed Natasha
   951 | D:2      | Killed Natasha
   957 | D:2      | Noticed Natasha
   965 | D:2      | Killed Natasha
   966 | D:2      | Reached XP level 4. HP: 44/44 MP: 3/3
   980 | D:2      | Noticed Natasha
   985 | D:2      | Killed Natasha
   986 | D:2      | Reached skill level 3 in Unarmed Combat
  1027 | D:2      | Found a faded altar of an unknown god.
  1334 | D:2      | Reached XP level 5. HP: 51/53 MP: 4/4
  1883 | D:2      | Prayed at the altar of an unknown god.
  1883 | D:2      | Became a worshipper of Nemelex Xobeh the Trickster
  1883 | D:2      | Reached * piety under Nemelex Xobeh
  1996 | D:3      | Received a gift from Nemelex Xobeh
  2237 | D:3      | Reached XP level 6. HP: 61/61 MP: 5/5
  2441 | D:3      | Noticed Robin
  2456 | D:3      | Killed Robin
  2662 | D:3      | Reached ** piety under Nemelex Xobeh
  2841 | D:4      | Reached skill level 1 in Evocations
  2966 | D:4      | Found a glowing drain.
  2970 | Sewer    | Entered a sewer
  3346 | D:4      | HP: 3/62 [something (4)]
  3553 | D:4      | Reached XP level 7. HP: 54/68 MP: 6/6
  3578 | D:4      | Reached skill level 4 in Unarmed Combat
  3841 | D:4      | Found a staircase to the Ecumenical Temple.
  4172 | D:4      | Received a gift from Nemelex Xobeh
  4241 | D:5      | Entered Level 5 of the Dungeon
  4254 | D:4      | Slain by an orc

Illustrated notes

Levels and vault maps discovered:
D:1:      dpeg_arrival_shrine, layout_loops_corners, hangedman_decor_push
D:2:      minmay_razor_zed, layout_loops_ring,
          hellmonk_ecumenical_altar_run_dry, uniq_natasha
D:3:      layout_basic, minmay_misc_feat_chi, minmay_misc_feat_enclosed,
          uniq_robin
D:4:      layout_gridville, minmay_temple_entry_hall, gup_sewer_entry_spiral,
          minmay_a_box_with_orc_wizards_in_it
D:5:      layout_loops_ring

Skill      XL: |  1  2  3  4  5  6  7 |
---------------+----------------------+-----
Dodging        | 3 |  3.9
Shields        | 3 |  3.9
Fighting       | 3 |  3.9
Unarmed Combat | 3 4 |  4.1
Evocations     | 1 |  1.7

Action                   |  1- 3 |  4- 6 |  7- 9 || total
-------------------------+-------+-------+-------++-------
Melee: Unarmed           |    81 |   234 |    47 ||   362
Invok: Draw Summoning    |       |     2 |     1 ||     3
       Draw Escape       |       |     1 |       ||     1
       Draw Destruction  |       |     1 |       ||     1
Evoke: Wand              |     1 |       |       ||     1
  Use: Scroll            |       |     4 |       ||     4
       Potion            |       |     4 |     1 ||     5
 Stab: Sleeping          |       |     2 |       ||     2
Armor: Robe              |    20 |    63 |    10 ||    93
Dodge: Dodged            |    21 |    97 |    15 ||   133
Block: Kite shield       |    28 |    73 |    13 ||   114

Table legend: (Time is in decaauts)
 A = Elapsed time spent in this place.
 B = Non-inter-level travel time spent in this place.
 C = Inter-level travel time spent in this place.
 D = Time resting spent in this place.
 E = Time spent auto-exploring this place.
 F = Levels seen in this place.
 G = Mean time per level.
                   A        B        C        D        E       F      G
               +--------+--------+--------+--------+--------+-----+--------+
         Total |   4280 |   4073 |    207 |    158 |   2951 |   6 |  713.3 |
       Dungeon |   4144 |   3937 |    207 |    158 |   2896 |   5 |  828.8 |
         Sewer |    135 |    135 |      0 |      0 |     55 |   1 |  135.0 |
               +--------+--------+--------+--------+--------+-----+--------+

Top non-repeatable levels by time:
     D:4: 1125 daAuts
     D:3: 1092 daAuts
     D:2: 967 daAuts
     D:1: 949 daAuts
   Sewer: 135 daAuts
     D:5: 10 daAuts
